 Dungeon Crawl Stone Soup version 0.31.0-11-ge490571c62 (webtiles) character file.

Game seed: 828759841870645230

91 NotreDorf the Poker (level 4, 0/55 HPs)
             Began as a Merfolk Berserker on Jan 27, 2024.
             Was a Believer of Trog.
             Slain by Sigmund
             ... wielding a +0 scythe
              (8 damage)
             ... on level 2 of the Dungeon.
             The game lasted 00:06:14 (1082 turns).

NotreDorf the Poker (Merfolk Berserker)             Turns: 1082, Time: 00:06:15

Health: 0/55       AC:  3    Str: 19    XL:     4   Next: 57%
Magic:  4/4        EV: 12    Int:  6    God:    Trog [**....]
Gold:   31         SH:  0    Dex: 13    Spells: 3/3 levels left

rFire   . . .        a - +0 spear
rCold   . . .        (no shield)
rNeg    . . .        c - +0 leather armour
rPois   .            (helmet currently unavailable)
rElec   .            (cloak currently unavailable)
rCorr   .            (gloves currently unavailable)
SInv    .            (boots currently unavailable)
Will    .....        h - amulet of the acrobat Stlth
                     (no ring)
HPRegen 0.29/turn    (no ring)
MPRegen 0.09/turn

%: acrobat
@: berserking (expiring), beast-form, very quick
A: beast (slay +0), (nimble swimmer 2), mertail
a: Begin Untransformation, Renounce Religion, Berserk, Trog's Hand


You were on level 2 of the Dungeon.
You worshipped Trog.
Trog was pleased with you.
You were a hulking beast.
You visited 1 branch of the dungeon, and saw 2 of its levels.

You collected 31 gold pieces.

Inventory:

Hand Weapons
 a - a +0 spear (weapon)
Armour
 c - a +0 leather armour (worn)
 f - a +0 kite shield
Jewellery
 h - an amulet of the acrobat (around neck)
Talismans
 d - a beast talisman (active)
Scrolls
 b - a scroll of identify {unknown}
 g - a scroll of blinking {unknown}
 i - a scroll of enchant weapon {unknown}
 j - a scroll of enchant armour {unknown}
Potions
 e - a potion of ambrosia {unknown}


   Skills:
 + Level 3.9 Fighting
 + Level 4.7 Polearms
 - Level 1.3 Armour
 + Level 3.6 Dodging
 + Level 1.8 Unarmed Combat
 + Level 1.5 Shapeshifting


You had 3 spell levels left.
You didn't know any spells.
Your spell library was empty.

Dungeon Overview and Level Annotations

Branches:
Dungeon (2/15)

Altars:

Annotations:
D:2 Sigmund


Innate Abilities, Weirdness & Mutations

You are a hulking beast.
Your limbs bulge with bestial killing power. (Slay +0)
((You are very nimble when in or above water. (Stealth+, EV+, Speed+++)))
Your lower body shifts to a powerful aquatic tail in water.


Message History

You reach to attack!
You closely miss Sigmund.
You reach to attack!
You hit Sigmund.
Sigmund is lightly wounded.
Sigmund hits you but does no damage.
You reach to attack!
You barely miss Sigmund.
Sigmund is lightly wounded.
You reach to attack!
You hit Sigmund but do no damage.
Sigmund is lightly wounded.
Sigmund misses you.
You reach to attack!
You barely miss Sigmund.
Sigmund is lightly wounded.
Sigmund closely misses you.
You reach to attack!
You hit Sigmund.
Sigmund is lightly wounded.
You reach to attack!
You hit Sigmund.
Sigmund is moderately wounded.
Sigmund hits you from afar with a +0 scythe!
You are too injured to fight recklessly!
You are too injured to fight recklessly!
A red film seems to cover your vision as you go berserk!
You feel yourself moving faster!
You feel mighty!
You feel a strong urge to attack something.
Sigmund closely misses you.
You closely miss Sigmund.
Sigmund is moderately wounded.
You closely miss Sigmund.
Sigmund is moderately wounded.
Sigmund casts a spell.
Sigmund flickers and vanishes!
Deactivating autopickup; reactivate with Ctrl-A.
You puncture something! Something hits you!
* * * LOW HITPOINT WARNING * * *
You barely miss something. You hit something. You completely miss something.
Something hits you.
* * * LOW HITPOINT WARNING * * *
You barely miss something. You hit something. You miss something.
Something hits you!
You die...

+ # # # # #######
######## .!#.. #... ".[
#.#.#
#.######.######.#.######
................h{......
....#....#.##.#.#.######
..#.#.####.##.#.#.#
...........##...#.#
....##.#...######.#
###.##.#...# ..
#...†...#### .#
....##.....# .#
#......###.....


There were no monsters in sight!

Vanquished Creatures
  Natasha (twice) (D:2)
  A dart slug (D:1)
  4 bats
  3 endoplasms (D:1)
  4 giant cockroaches
  4 goblins (D:1)
  A hobgoblin (D:2)
  7 kobolds
  A quokka (D:1)
  A ball python (D:1)
  4 frilled lizards (D:1)
  4 rats
36 creatures vanquished.

Notes
Turn   | Place    | Note
-------+----------+-------------------------------------------
     0 | D:1      | NotreDorf the Merfolk Berserker began the quest for the
                  | Orb.
     0 | D:1      | Reached XP level 1. HP: 18/18 MP: 1/1
   228 | D:1      | Reached XP level 2. HP: 24/24 MP: 2/2
   481 | D:1      | Reached skill level 1 in Unarmed Combat
   610 | D:1      | Reached XP level 3. HP: 29/29 MP: 3/3
   672 | D:1      | Reached ** piety under Trog
   886 | D:2      | Noticed Natasha
   894 | D:2      | Killed Natasha
   895 | D:2      | Reached skill level 1 in Shapeshifting
   895 | D:2      | Reached XP level 4. HP: 20/37 MP: 4/4
  1000 | D:2      | Noticed Natasha
  1010 | D:2      | Killed Natasha
  1057 | D:2      | Noticed Sigmund
  1082 | D:2      | Slain by Sigmund

Illustrated notes

Levels and vault maps discovered:
D:1:      dpeg_arrival_three_same_balls, layout_loops_ring, serial_bayou_pond_a,
          lexackson_kobold_supper
D:2:      layout_basic, uniq_sigmund, uniq_natasha

Skill      XL: |  1  2  3 |
---------------+----------+-----
Dodging        | 3 |  3.6
Unarmed Combat | 1 |  1.8
Shapeshifting  | 1 |  1.5
Fighting       | |  3.9
Polearms       | |  4.7
Armour         | |  1.3

Action                     |  1- 3 |  4- 6 || total
---------------------------+-------+-------++-------
  Melee: Spear             |   133 |    34 ||   167
         Punch             |     1 |     1 ||     2
 Invoke: Berserk           |       |     1 ||     1
   Stab: Sleeping          |     4 |       ||     4
 Armour: Animal skin       |     7 |       ||     7
         Leather armour    |    17 |    10 ||    27
  Dodge: Dodged            |    40 |     9 ||    49
   Form: Beast             |     1 |       ||     1
